 Dungeon Crawl Stone Soup version 0.29.0-4-gdea44cf6ec (webtiles) character file.

Game seed: 1818659264463524240

23399 qw the Severer (level 13, 0/84 HPs)
             Began as a Gargoyle Berserker on Sept 4, 2022.
             Was a Priest of Trog.
             Shot with an arrow by a centaur (4 damage)
             ... on level 4 of the Lair of Beasts.
             The game lasted 00:05:05 (16397 turns).

qw the Severer (Gargoyle Berserker)                Turns: 16397, Time: 00:05:05

Health: 0/84       AC: 31    Str: 24    XL:     13   Next: 6%
Magic:  13/13      EV:  8    Int: 10    God:    Trog [***...]
Gold:   585        SH:  5    Dex:  9    Spells: 12/12 levels left

rFire   . . .      SeeInvis +   e - +3 war axe
rCold   + . .      Faith    .   (no shield)
rNeg    + . .      Spirit   .   l - +0 plate armour
rPois   inf        Reflect  +   a - +2 helmet
rElec   +          Harm     .   i - +0 cloak
rCorr   .          Rampage  .   u - +0 pair of gloves
Will    .....                   (no boots)
Stlth   ..........              c - amulet of reflection
HPRegen 0.24/turn               s - ring of protection from cold
MPRegen 0.13/turn               n - ring of see invisible

@: about to teleport
A: sickness immunity, AC +9, negative energy resistance 1, electricity
resistance, torment resistance 1, petrification resistance
a: Renounce Religion, Berserk, Trog's Hand


You were on level 4 of the Lair of Beasts.
You worshipped Trog.
Trog was most pleased with you.
You visited 2 branches of the dungeon, and saw 13 of its levels.

You collected 585 gold pieces.


Innate Abilities, Weirdness & Mutations

You are immune to sickness and miasma.
Your stone body is resilient. (AC +9)
You are immune to poison.
You resist negative energy. (rN+)
You are resistant to electric shocks. (rElec)
You are resistant to unholy torment.
You are immune to petrification.


   Skills:
 + Level 11.3 Fighting
 - Level 15.0 Axes
 - Level 11.0 Armour
 - Level 3.4 Dodging


You had 12 spell levels left.
You didn't know any spells.
Your spell library was empty.

Inventory:

Hand Weapons
 e - a +3 war axe (weapon)
 m - a -2 demon whip of venom
Armour
 a - a +2 helmet (worn)
 b - the +0 cloak of Beogh's Scorn {Will- rCorr Str-4 Dex+8}
   (You found it on level 5 of the Dungeon)

   Str:       It affects your strength (-4).
   Dex:       It affects your dexterity (+8).
   rCorr:     It protects you from acid and corrosion.
   Will:      It decreases your willpower.
 i - a +0 cloak (worn)
 l - a +0 plate armour (worn)
 u - a +0 pair of gloves (worn)
Jewellery
 c - an amulet of reflection (around neck)
 k - a ring of fire
 n - a ring of see invisible (right hand)
 s - a ring of protection from cold (left hand)
 t - a ring of positive energy
 Y - a ring of resist corrosion
Scrolls
 f - a scroll of identify
 p - 3 scrolls of teleportation
Potions
 d - 2 potions of mutation
 g - 2 potions of resistance
 h - a potion of might
 j - 2 potions of haste
 o - a potion of curing
 q - a potion of cancellation

Dungeon Overview and Level Annotations

Branches:
Dungeon (9/15)             Temple (0/1) D:7            Lair (4/5) D:9
 Shoals (0/4) Lair:2        Snake (0/4) Lair:3
  Slime: Lair:4-5       Orc: D:9-12

Altars:
Elyvilon
Hepliaklqana
Nemelex Xobeh
Qazlal
Ru
Vehumet
Wu Jian
Xom
Yredelemnul
Zin

Annotations:
D:3 3 runed translucent doors, Grinder; qw's ghost, amateur FoCA
D:8 4 transporters
Lair:2 2 transporters, qw's ghost, journeyman TrCA


Message History

The centaur shoots an arrow.
The arrow hits you but does no damage.
The centaur shoots an arrow.
The arrow closely misses you.
The centaur shoots an arrow.
You reflect the arrow off an invisible shield around you!
The arrow hits the centaur!
The centaur shoots an arrow.
The arrow hits you!
The centaur shoots an arrow.
The arrow hits you but does no damage.
The centaur shoots an arrow.
The arrow hits you but does no damage.
The centaur shoots an arrow.
The arrow hits you but does no damage.
The centaur shoots an arrow.
The arrow hits you but does no damage.
The centaur shoots an arrow.
The arrow hits you but does no damage.
The centaur shoots an arrow.
The arrow hits you but does no damage.
The centaur shoots an arrow.
The arrow hits you but does no damage.
The centaur shoots an arrow.
The arrow hits you but does no damage.
The centaur shoots an arrow.
The arrow hits you.
The centaur shoots an arrow.
You reflect the arrow off an invisible shield around you!
The arrow completely misses the centaur.
The centaur shoots an arrow.
The arrow hits you!
The centaur shoots an arrow.
The arrow barely misses you.
The centaur shoots an arrow.
The arrow barely misses you.
The centaur shoots an arrow.
The arrow barely misses you.
The centaur shoots an arrow.
The arrow hits you!
The centaur shoots an arrow.
The arrow hits you.
The centaur shoots an arrow.
The arrow barely misses you.
The centaur shoots an arrow.
The arrow hits you!
16396 ||| READING 4 scrolls of teleportation.
As you read the scroll of teleportation, it crumbles to dust.
You feel strangely unstable.
The centaur shoots an arrow.
The arrow barely misses you.
The centaur shoots an arrow.
The arrow hits you but does no damage.
The centaur shoots an arrow.
The arrow hits you.
The centaur shoots an arrow.
The arrow hits you but does no damage.
The centaur shoots an arrow.
The arrow hits you but does no damage.
The centaur shoots an arrow.
The arrow hits you but does no damage.
The centaur shoots an arrow.
You reflect the arrow off an invisible shield around you!
The arrow hits the centaur!
You kill the centaur!
Trog accepts your kill.
You hear a splash.
The centaur shoots an arrow.
The arrow hits you!
You die...

#....##########......
##....# #~ #......
#P....# ##~~ #......
##....###~~~# #......
#......~~~~~. #...P.#
#......~~~~c. #.###.#
##.....~~~~~c #.. #..
#...P.~~~~~. #.###..
#...@.~)~~~. #.##P..
#...#.~~~c## #..##..
##...####~~~# #.# ###
#.....# ~~~ #.#####
#...#### #######......
##..##.###.##.........
#.....................
#.....................
#.....................


You could see 3 centaurs.

Vanquished Creatures
  Rupert (Lair:4)
  4 hydras
  A catoblepas (Lair:3)
  3 death yaks (D:9)
  Amaemon (D:9)
  Joseph (D:8)
  5 cane toads
  3 black mambas
  An orange demon (D:9)
  A rime drake (Lair:1)
  2 komodo dragons (Lair:2)
  A polar bear (Lair:3)
  A troll (D:9)
  A wind drake (Lair:2)
  10 blink frogs (Lair:3)
  Sigmund (D:2)
  41 yaks
  4 nagas (Lair:3)
  7 water moccasins
  3 ice beasts
  4 orc warriors
  A sky beast (D:8)
  An ogre (D:6)
  6 centaurs
  A phantom (D:5)
  A necrophage (D:5)
  9 bullfrogs
  10 wights
  3 killer bees (D:9)
  A hound (D:6)
  6 orc priests
  A gnoll bouda (D:9)
  7 iguanas
  Jessica (D:2)
  Natasha (thrice) (D:3)
  4 orc wizards
  A hell rat (D:9)
  A mummy (D:8)
  Robin (D:2)
  5 gnolls
  7 adders
  2 river rats (D:9)
  A white imp (D:6)
  An ufetubus (D:6)
  A worm (D:2)
  A dart slug (D:1)
  36 orcs
  7 ball pythons
  An endoplasm (D:1)
  2 giant cockroaches (D:1)
  13 goblins
  5 hobgoblins
  6 jackals (D:3)
  8 kobolds
  5 quokkas
  8 bats
  A frilled lizard (D:3)
  A hobgoblin zombie (D:8)
  An orc zombie (D:8)
  4 rats
  A spectral orc (D:7)
271 creatures vanquished.

Vanquished Creatures (others)
  9 fungi
  12 plants
21 creatures vanquished.

Grand Total: 292 creatures vanquished

Notes
Turn   | Place    | Note
-------+----------+-------------------------------------------
     0 | D:1      | qw the Gargoyle Berserker began the quest for the Orb.
     0 | D:1      | Reached XP level 1. HP: 14/14 MP: 1/1
     0 | D:1      | 0 ||| qw: Version: 0.1-a-103-gd6f5d3a
     0 | D:1      | 0 ||| qw: Game counter: 5515
     0 | D:1      | 0 ||| qw: Always use a shield: true
     0 | D:1      | 0 ||| qw: Do Orc after D:15 true
     0 | D:1      | 0 ||| qw: Do second Lair branch before Depths: true
     0 | D:1      | 0 ||| qw: Lair rune preference: random
     0 | D:1      | 0 ||| qw: Plans: Normal
     0 | D:1      | 0 ||| PLANNING D:1-11
    50 | D:1      | 50 ||| Stepping ~*~*~tactically~*~*~ (hiding).
   123 | D:1      | Reached skill level 3 in Axes
   152 | D:1      | Reached XP level 2. HP: 19/19 MP: 2/2
   280 | D:1      | 280 ||| INVOKING Berserk.
   300 | D:1      | 300 ||| Stepping ~*~*~tactically~*~*~ (stealth).
   417 | D:1      | 417 ||| Stepping ~*~*~tactically~*~*~ (stealth).
   524 | D:1      | 524 ||| DROPPING +0 club.
   550 | D:1      | 550 ||| Stepping ~*~*~tactically~*~*~ (stealth).
   580 | D:1      | 580 ||| Stepping ~*~*~tactically~*~*~ (stealth).
   581 | D:1      | 581 ||| Stepping ~*~*~tactically~*~*~ (stealth).
   582 | D:1      | 582 ||| Stepping ~*~*~tactically~*~*~ (stealth).
   609 | D:1      | 609 ||| Stepping ~*~*~tactically~*~*~ (stealth).
   993 | D:1      | Reached XP level 3. HP: 23/23 MP: 3/3
  1097 | D:1      | 1097 ||| READING scroll labelled EHOFAXTOGOU.
  1098 | D:1      | 1098 ||| READING scroll labelled CAICZE PITESOE.
  1099 | D:1      | 1099 ||| DRINKING 2 blue potions.
  1100 | D:1      | 1100 ||| DRINKING 2 sapphire potions.
  1101 | D:1      | 1101 ||| DROPPING potion of degeneration.
  1102 | D:1      | 1102 ||| DROPPING potion of magic.
  1133 | D:2      | Noticed Robin
  1134 | D:2      | 1134 ||| STAIRDANCE
  1152 | D:2      | 1152 ||| STAIRDANCE
  1208 | D:2      | 1208 ||| STAIRDANCE
  1306 | D:2      | 1306 ||| INVOKING Berserk.
  1313 | D:2      | Killed Robin
  1314 | D:2      | Reached skill level 4 in Axes
  1322 | D:2      | Reached XP level 4. HP: 28/28 MP: 4/4
  1524 | D:2      | Noticed Sigmund
  1527 | D:2      | 1527 ||| INVOKING Berserk.
  1533 | D:2      | Killed Sigmund
  1534 | D:2      | Reached skill level 5 in Axes
  1534 | D:2      | Reached XP level 5. HP: 32/32 MP: 5/5
  1534 | D:2      | Reached XP level 6. HP: 37/37 MP: 6/6
  1696 | D:2      | 1696 ||| INVOKING Berserk.
  1697 | D:2      | HP: 12/55 [worm (8)]
  1994 | D:2      | Identified the +8 spear of the Tundras {drain, rPois rN+
                  | MP+9 Stlth+}
  2397 | D:2      | Noticed Jessica
  2398 | D:2      | 2398 ||| Stepping ~*~*~tactically~*~*~ (hiding).
  2500 | D:2      | 2500 ||| Stepping ~*~*~tactically~*~*~ (hiding).
  2512 | D:2      | Killed Jessica
  2645 | D:2      | 2645 ||| UPGRADING to +2 helmet.
  2650 | D:2      | 2650 ||| UPGRADING to +0 leather armour.
  2660 | D:2      | 2660 ||| DROPPING +0 animal skin.
  2661 | D:2      | 2661 ||| UPGRADING to +0 chain mail.
  2671 | D:2      | 2671 ||| DROPPING +0 leather armour.
  2672 | D:2      | 2672 ||| UPGRADING to amulet of reflection.
  2677 | D:2      | 2677 ||| READING scroll labelled YTIATU IMITH.
  2678 | D:2      | 2678 ||| READING 2 scrolls of identify.
  2678 | D:2      | 2678 ||| IDENTIFYING amethyst potion
  2754 | D:3      | Found a shimmering altar of Xom.
  2760 | D:3      | 2760 ||| Stepping randomly (stuck).
  2761 | D:3      | 2761 ||| Stepping randomly (stuck).
  2836 | D:3      | Found a faded altar of an unknown god.
  2937 | D:3      | Reached ** piety under Trog
  2963 | D:3      | 2963 ||| Stepping randomly (stuck).
  2964 | D:3      | 2964 ||| Stepping randomly (stuck).
  2972 | D:3      | Noticed Natasha
  2973 | D:3      | 2973 ||| READING 3 scrolls labelled SOESAG LUESH.
  2974 | D:3      | 2974 ||| DROPPING 2 scrolls of fear.
  2976 | D:3      | 2976 ||| INVOKING Berserk.
  2978 | D:3      | Killed Natasha
  3150 | D:3      | Reached skill level 6 in Axes
  3165 | D:3      | Noticed Grinder
  3166 | D:3      | 3166 ||| Stepping ~*~*~tactically~*~*~ (stealth).
  3228 | D:3      | 3228 ||| INVOKING Berserk.
  3245 | D:3      | Reached skill level 3 in Armour
  3250 | D:3      | 3250 ||| Stepping ~*~*~tactically~*~*~ (stealth).
  3255 | D:3      | 3255 ||| Stepping ~*~*~tactically~*~*~ (stealth).
  3258 | D:3      | 3258 ||| Stepping ~*~*~tactically~*~*~ (stealth).
  3265 | D:3      | 3265 ||| Stepping ~*~*~tactically~*~*~ (stealth).
  3269 | D:3      | 3269 ||| Stepping ~*~*~tactically~*~*~ (stealth).
  3276 | D:3      | 3276 ||| Stepping ~*~*~tactically~*~*~ (stealth).
  3277 | D:3      | 3277 ||| Stepping ~*~*~tactically~*~*~ (stealth).
  3283 | D:3      | 3283 ||| Stepping ~*~*~tactically~*~*~ (stealth).
  3284 | D:3      | 3284 ||| DROPPING +0 whip.
  3289 | D:3      | Noticed Natasha
  3290 | D:3      | 3290 ||| Stepping ~*~*~tactically~*~*~ (hiding).
  3292 | D:3      | 3292 ||| INVOKING Berserk.
  3301 | D:3      | Killed Natasha
  3319 | D:3      | Noticed Natasha
  3320 | D:3      | 3320 ||| Stepping ~*~*~tactically~*~*~ (stealth).
  3332 | D:3      | 3332 ||| Stepping ~*~*~tactically~*~*~ (stealth).
  3335 | D:3      | 3335 ||| Stepping ~*~*~tactically~*~*~ (stealth).
  3336 | D:3      | 3336 ||| Stepping ~*~*~tactically~*~*~ (stealth).
  3357 | D:3      | 3357 ||| Stepping ~*~*~tactically~*~*~ (stealth).
  3359 | D:3      | 3359 ||| INVOKING Berserk.
  3368 | D:3      | Killed Natasha
  3397 | D:3      | 3397 ||| Stepping ~*~*~tactically~*~*~ (stealth).
  3400 | D:3      | 3400 ||| Stepping ~*~*~tactically~*~*~ (stealth).
  3404 | D:3      | 3404 ||| Stepping ~*~*~tactically~*~*~ (stealth).
  3550 | D:3      | Reached XP level 7. HP: 42/43 MP: 7/7
  3554 | D:3      | Found a runed translucent gate.
  3555 | D:3      | Found a runed translucent gate.
  3557 | D:3      | 3557 ||| Stepping ~*~*~tactically~*~*~ (stealth).
  3558 | D:3      | 3558 ||| Stepping ~*~*~tactically~*~*~ (stealth).
  3559 | D:3      | 3559 ||| Stepping ~*~*~tactically~*~*~ (stealth).
  3560 | D:3      | 3560 ||| Stepping ~*~*~tactically~*~*~ (stealth).
  3607 | D:3      | Found a runed translucent gate.
  3609 | D:3      | Identified the +7 hand axe of the Spider Nest {vorpal,
                  | Will++ Str+4 Dex+7}
  3609 | D:3      | Identified the +5 ring mail of Lefrot {rC- rCorr Dex+2}
  3616 | D:3      | Noticed qw's ghost (amateur FoCA)
  3666 | D:3      | 3666 ||| SWAPPING to +0 war axe.
  3667 | D:3      | 3667 ||| DROPPING +1 hand axe.
  3935 | D:3      | 3935 ||| DROPPING scarf of shadows.
  3936 | D:3      | 3936 ||| UPGRADING to ring of resist corrosion.
  3937 | D:3      | 3937 ||| UPGRADING to ring of see invisible.
  3938 | D:3      | 3938 ||| READING scroll labelled NYJ YNEDAIS.
  4005 | D:3      | 4005 ||| READING scroll labelled ZODIOF TEAMIX.
  4006 | D:3      | 4006 ||| DRINKING 2 sedimented inky potions.
  4007 | D:3      | 4007 ||| DRINKING 2 inky potions.
  4008 | D:3      | 4008 ||| DRINKING 2 fuming red potions.
  4048 | D:3      | 4048 ||| READING 2 scrolls of identify.
  4048 | D:3      | 4048 ||| IDENTIFYING emerald potion
  4049 | D:3      | 4049 ||| DROPPING potion of attraction.
  4050 | D:3      | 4050 ||| DROPPING potion of flight.
  4051 | D:3      | 4051 ||| DROPPING potion of lignification.
  4150 | D:4      | Found a basalt altar of Yredelemnul.
  4445 | D:4      | 4445 ||| STAIRDANCE
  4577 | D:3      | 4577 ||| READING scroll labelled AHEMALULUM.
  4578 | D:3      | 4578 ||| READING scroll labelled ZEONWE VEDUIGA.
  4679 | D:3      | 4679 ||| READING scroll labelled RYEX EBUEROCAD.
  4826 | D:5      | Entered Level 5 of the Dungeon
  4874 | D:5      | Reached skill level 7 in Axes
  5059 | D:5      | Identified the +0 cloak of Beogh's Scorn {Will- rCorr Str-4
                  | Dex+8}
  5146 | D:5      | 5146 ||| Stepping ~*~*~tactically~*~*~ (stealth).
  5151 | D:5      | 5151 ||| Stepping ~*~*~tactically~*~*~ (stealth).
  5455 | D:5      | 5455 ||| UPGRADING to +0 cloak of Beogh's Scorn {Will-
                  | rCorr Str-4 Dex+8}.
  5460 | D:5      | 5460 ||| REMOVING ring of resist corrosion.
  5461 | D:5      | 5461 ||| READING scroll labelled DYEGAUNUOM.
  5462 | D:5      | 5462 ||| READING 4 scrolls of identify.
  5462 | D:5      | 5462 ||| IDENTIFYING murky black potion
  5463 | D:5      | 5463 ||| READING 3 scrolls of identify.
  5463 | D:5      | 5463 ||| IDENTIFYING brown potion
  5464 | D:5      | 5464 ||| DROPPING potion of brilliance.
  5489 | D:6      | 5489 ||| STAIRDANCE
  5496 | D:5      | 5496 ||| INVOKING Berserk.
  5707 | D:6      | 5707 ||| STAIRDANCE
  5934 | D:6      | Reached XP level 8. HP: 47/49 MP: 8/8
  5960 | D:6      | Found a glowing silver altar of Zin.
  5960 | D:6      | Noticed an angel
  5985 | D:6      | 5985 ||| Stepping ~*~*~tactically~*~*~ (stealth).
  5987 | D:6      | 5987 ||| INVOKING Berserk.
  6024 | D:6      | Reached skill level 8 in Axes
  6108 | D:6      | 6108 ||| INVOKING Berserk.
  6172 | D:6      | 6172 ||| INVOKING Berserk.
  6390 | D:6      | 6390 ||| Stepping ~*~*~tactically~*~*~ (hiding).
  6397 | D:6      | Reached skill level 6 in Fighting
  6596 | D:6      | Found a sparkling altar of Nemelex Xobeh.
  6638 | D:6      | Found an ornate altar of the Wu Jian Council.
  6753 | D:6      | 6753 ||| UPGRADING to +0 plate armour.
  6763 | D:6      | 6763 ||| DROPPING +0 chain mail.
  6764 | D:6      | 6764 ||| READING 2 scrolls labelled KYNNOO FEGIEQ.
  6765 | D:6      | 6765 ||| READING scroll labelled NUSA XIGROYNITZ.
  6766 | D:6      | 6766 ||| DROPPING scroll of immolation.
  6854 | D:7      | 6854 ||| INVOKING Berserk.
  7128 | D:7      | Found a staircase to the Ecumenical Temple.
  7149 | D:7      | 7149 ||| Stepping ~*~*~tactically~*~*~ (stealth).
  7162 | D:7      | 7162 ||| Stepping ~*~*~tactically~*~*~ (stealth).
  7163 | D:7      | 7163 ||| Stepping ~*~*~tactically~*~*~ (stealth).
  7165 | D:7      | 7165 ||| Stepping ~*~*~tactically~*~*~ (hiding).
  7189 | D:7      | 7189 ||| Stepping ~*~*~tactically~*~*~ (stealth).
  7193 | D:7      | 7193 ||| Stepping ~*~*~tactically~*~*~ (stealth).
  7221 | D:7      | 7221 ||| INVOKING Berserk.
  7226 | D:7      | Reached XP level 9. HP: 29/55 MP: 9/9
  7233 | D:7      | Reached skill level 9 in Axes
  7412 | D:7      | 7412 ||| DROPPING +0 flail.
  7415 | D:7      | 7415 ||| SWAPPING to +3 war axe.
  7416 | D:7      | 7416 ||| DROPPING +0 war axe of draining.
  7731 | D:7      | 7731 ||| Stepping ~*~*~tactically~*~*~ (hiding).
  7736 | D:7      | 7736 ||| DRINKING potion of curing.
  7736 | D:7      | 7736 ||| (to cure confusion)
  7776 | D:7      | Found a stormy altar of Qazlal.
  7827 | D:7      | Reached skill level 6 in Armour
  7882 | D:7      | Found a hazy altar of Hepliaklqana.
  8005 | D:7      | 8005 ||| DROPPING amulet of the acrobat.
  8006 | D:7      | 8006 ||| DROPPING amulet of guardian spirit.
  8007 | D:7      | 8007 ||| READING 5 scrolls of identify.
  8007 | D:7      | 8007 ||| IDENTIFYING viscous sapphire potion
  8041 | D:8      | 8041 ||| PLANNING OSSUARY
  8086 | D:8      | Found a white marble altar of Elyvilon.
  8102 | D:8      | 8102 ||| Stepping ~*~*~tactically~*~*~ (stealth).
  8123 | D:8      | Reached *** piety under Trog
  8288 | D:8      | Found a transporter.
  8343 | D:8      | 8343 ||| Stepping ~*~*~tactically~*~*~ (stealth).
  8346 | D:8      | 8346 ||| Stepping ~*~*~tactically~*~*~ (stealth).
  8350 | D:8      | 8350 ||| Stepping ~*~*~tactically~*~*~ (stealth).
  8380 | D:8      | Reached skill level 10 in Axes
  8382 | D:8      | 8382 ||| INVOKING Berserk.
  8387 | D:8      | Reached XP level 10. HP: 46/63 MP: 10/10
  8621 | D:8      | 8621 ||| INVOKING Berserk.
  8634 | D:8      | 8634 ||| FLEEEEING.
  8695 | D:8      | 8695 ||| Stepping ~*~*~tactically~*~*~ (stealth).
  8703 | D:8      | 8703 ||| Stepping ~*~*~tactically~*~*~ (hiding).
  8817 | D:8      | 8817 ||| Stepping ~*~*~tactically~*~*~ (stealth).
  8885 | D:8      | Found a radiant altar of Vehumet.
  8886 | D:8      | 8886 ||| RIP OSSUARY
  8886 | D:8      | 8886 ||| PLANNING D:1-11
  8886 | D:8      | 8886 ||| Stepping ~*~*~tactically~*~*~ (hiding).
  8887 | D:8      | 8887 ||| Stepping ~*~*~tactically~*~*~ (hiding).
  8895 | D:8      | 8895 ||| Stepping ~*~*~tactically~*~*~ (hiding).
  8910 | D:8      | 8910 ||| INVOKING Berserk.
  9106 | D:8      | Found a transporter.
  9138 | D:8      | Found a transporter.
  9246 | D:8      | 9246 ||| INVOKING Berserk.
  9247 | D:8      | Noticed Joseph
  9280 | D:8      | Killed Joseph
  9294 | D:8      | 9294 ||| Stepping ~*~*~tactically~*~*~ (stealth).
  9304 | D:8      | 9304 ||| Stepping ~*~*~tactically~*~*~ (stealth).
  9309 | D:8      | 9309 ||| FLEEEEING.
  9311 | D:8      | 9311 ||| FLEEEEING.
  9312 | D:8      | 9312 ||| FLEEEEING.
  9313 | D:8      | 9313 ||| FLEEEEING.
  9314 | D:8      | 9314 ||| FLEEEEING.
  9315 | D:8      | 9315 ||| FLEEEEING.
  9318 | D:8      | 9318 ||| INVOKING Berserk.
  9556 | D:8      | Found a transporter.
  9707 | D:8      | 9707 ||| READING scroll labelled WOUHOUT TOFF.
  9708 | D:8      | 9708 ||| READING scroll labelled CUFFU WAMOOQ.
  9709 | D:8      | 9709 ||| READING 4 scrolls of identify.
  9709 | D:8      | 9709 ||| IDENTIFYING bubbling ruby potion
  9892 | D:9      | Found a sacrificial altar of Ru.
  9944 | D:9      | Reached skill level 11 in Axes
 10149 | D:9      | Noticed a death yak
 10151 | D:9      | 10151 ||| Stepping ~*~*~tactically~*~*~ (stealth).
 10156 | D:9      | 10156 ||| INVOKING Berserk.
 10160 | D:9      | Noticed a death yak
 10162 | D:9      | Killed a death yak
 10165 | D:9      | Noticed a death yak
 10173 | D:9      | Killed a death yak
 10174 | D:9      | Reached skill level 9 in Fighting
 10190 | D:9      | HP: 9/66 [death yak (13)]
 10191 | D:9      | 10191 ||| READING 3 scrolls of teleportation.
 10192 | D:9      | 10192 ||| DRINKING 2 potions of heal wounds.
 10218 | D:9      | Killed a death yak
 10421 | D:9      | Found a staircase to the Lair.
 10462 | D:9      | 10462 ||| Stepping ~*~*~tactically~*~*~ (stealth).
 10465 | D:9      | 10465 ||| Stepping ~*~*~tactically~*~*~ (stealth).
 10471 | D:9      | Reached XP level 11. HP: 64/71 MP: 11/11
 10484 | D:9      | Reached skill level 12 in Axes
 10656 | D:9      | Noticed Amaemon
 10657 | D:9      | 10657 ||| Stepping ~*~*~tactically~*~*~ (hiding).
 10661 | D:9      | 10661 ||| INVOKING Berserk.
 10669 | D:9      | Killed Amaemon
 10670 | D:9      | Reached skill level 3 in Dodging
 10726 | D:9      | 10726 ||| DROPPING +1 flail of freezing.
 10755 | D:9      | 10755 ||| Stepping ~*~*~tactically~*~*~ (stealth).
 10756 | D:9      | 10756 ||| Stepping ~*~*~tactically~*~*~ (stealth).
 10759 | D:9      | 10759 ||| Stepping ~*~*~tactically~*~*~ (stealth).
 10761 | D:9      | 10761 ||| Stepping ~*~*~tactically~*~*~ (stealth).
 10771 | D:9      | 10771 ||| INVOKING Berserk.
 10778 | D:9      | Reached skill level 9 in Armour
 11099 | D:9      | 11099 ||| INVOKING Berserk.
 11189 | D:9      | 11189 ||| PLANNING LAIR
 11189 | D:9      | 11189 ||| READING 4 scrolls of identify.
 11189 | D:9      | 11189 ||| IDENTIFYING metallic golden potion
 11190 | D:9      | 11190 ||| DROPPING potion of berserk rage.
 11216 | Lair:1   | Entered Level 1 of the Lair of Beasts
 11260 | Lair:1   | 11260 ||| Stepping ~*~*~tactically~*~*~ (stealth).
 11264 | Lair:1   | 11264 ||| INVOKING Berserk.
 11527 | Lair:1   | 11527 ||| INVOKING Berserk.
 11762 | Lair:1   | Noticed a four-headed hydra
 11769 | Lair:1   | 11769 ||| SWAPPING to -2 demon whip of venom.
 11770 | Lair:1   | 11770 ||| INVOKING Berserk.
 11786 | Lair:1   | Killed a four-headed hydra
 11991 | Lair:1   | 11991 ||| SWAPPING to +3 war axe.
 12010 | Lair:1   | 12010 ||| INVOKING Berserk.
 12420 | Lair:1   | 12420 ||| INVOKING Berserk.
 12892 | Lair:1   | 12892 ||| READING 3 scrolls labelled JYFYZI WATHUSI.
 12893 | Lair:1   | 12893 ||| READING 4 scrolls of identify.
 12893 | Lair:1   | 12893 ||| IDENTIFYING cyan potion
 12894 | Lair:1   | 12894 ||| DROPPING potion of ambrosia.
 12895 | Lair:1   | 12895 ||| DROPPING 2 scrolls of poison.
 12942 | Lair:2   | 12942 ||| INVOKING Berserk.
 12947 | Lair:2   | Reached skill level 13 in Axes
 12964 | Lair:2   | 12964 ||| FLEEEEING.
 12965 | Lair:2   | 12965 ||| FLEEEEING.
 12966 | Lair:2   | 12966 ||| STAIRDANCE
 13087 | Lair:2   | Identified the +3 quarterstaff "Edouxkyn" {freeze, Drain
                  | Fly Dex+4}
 13096 | Lair:2   | Identified the +11 whip of Omosoh {venom, Int+4}
 13198 | Lair:2   | 13198 ||| INVOKING Berserk.
 13345 | Lair:2   | 13345 ||| INVOKING Berserk.
 13351 | Lair:2   | Reached XP level 12. HP: 77/77 MP: 12/12
 13579 | Lair:2   | 13579 ||| INVOKING Berserk.
 13817 | Lair:2   | Noticed an eight-headed hydra
 13821 | Lair:2   | 13821 ||| SWAPPING to -2 demon whip of venom.
 13822 | Lair:2   | 13822 ||| INVOKING Berserk.
 13831 | Lair:2   | Killed an eight-headed hydra
 13832 | Lair:2   | Reached skill level 14 in Axes
 13840 | Lair:2   | 13840 ||| SWAPPING to +3 war axe.
 13843 | Lair:2   | HP: 17/77 [manticore (6)]
 13844 | Lair:2   | 13844 ||| READING 4 scrolls of teleportation.
 13845 | Lair:2   | 13845 ||| DRINKING potion of heal wounds.
 13986 | Lair:2   | 13986 ||| Stepping ~*~*~tactically~*~*~ (stealth).
 14067 | Lair:2   | 14067 ||| INVOKING Berserk.
 14317 | Lair:2   | Found a staircase to the Shoals.
 14322 | Lair:2   | Found a transporter.
 14325 | Lair:2   | Noticed qw's ghost (journeyman TrCA)
 14361 | Lair:2   | Found a transporter.
 14434 | Lair:2   | 14434 ||| UPGRADING to +0 cloak.
 14444 | Lair:2   | 14444 ||| UPGRADING to ring of resist corrosion.
 14445 | Lair:2   | 14445 ||| READING 3 scrolls of identify.
 14445 | Lair:2   | 14445 ||| IDENTIFYING lumpy coppery potion
 14474 | Lair:3   | Noticed a catoblepas
 14475 | Lair:3   | Found a staircase to the Snake Pit.
 14480 | Lair:3   | 14480 ||| INVOKING Berserk.
 14488 | Lair:3   | Killed a catoblepas
 14704 | Lair:3   | 14704 ||| Stepping ~*~*~tactically~*~*~ (stealth).
 14713 | Lair:3   | 14713 ||| INVOKING Berserk.
 14855 | Lair:3   | 14855 ||| Stepping ~*~*~tactically~*~*~ (stealth).
 14857 | Lair:3   | 14857 ||| Stepping ~*~*~tactically~*~*~ (stealth).
 14860 | Lair:3   | 14860 ||| INVOKING Berserk.
 14876 | Lair:3   | Reached **** piety under Trog
 14947 | Lair:3   | 14947 ||| INVOKING Berserk.
 15204 | Lair:3   | 15204 ||| INVOKING Berserk.
 15365 | Lair:3   | Noticed an eight-headed hydra
 15367 | Lair:3   | 15367 ||| SWAPPING to -2 demon whip of venom.
 15368 | Lair:3   | 15368 ||| INVOKING Berserk.
 15373 | Lair:3   | Killed an eight-headed hydra
 15385 | Lair:3   | 15385 ||| SWAPPING to +3 war axe.
 15804 | Lair:3   | Reached skill level 15 in Axes
 15960 | Lair:3   | 15960 ||| UPGRADING to +0 pair of gloves.
 15965 | Lair:3   | 15965 ||| UPGRADING to ring of protection from cold.
 15967 | Lair:3   | 15967 ||| READING 2 scrolls of identify.
 15967 | Lair:3   | 15967 ||| IDENTIFYING black potion
 15968 | Lair:3   | 15968 ||| DROPPING potion of invisibility.
 15981 | Lair:4   | 15981 ||| Stepping ~*~*~tactically~*~*~ (stealth).
 16123 | Lair:4   | Noticed Rupert
 16124 | Lair:4   | 16124 ||| INVOKING Trog's Hand.
 16129 | Lair:4   | 16129 ||| INVOKING Berserk.
 16144 | Lair:4   | Killed Rupert
 16145 | Lair:4   | Reached XP level 13. HP: 56/84 MP: 13/13
 16165 | Lair:4   | 16165 ||| FLEEEEING.
 16231 | Lair:4   | 16231 ||| Stepping ~*~*~tactically~*~*~ (stealth).
 16232 | Lair:4   | 16232 ||| FLEEEEING.
 16237 | Lair:4   | 16237 ||| SWAPPING to -2 demon whip of venom.
 16238 | Lair:4   | 16238 ||| INVOKING Berserk.
 16322 | Lair:4   | 16322 ||| SWAPPING to +3 war axe.
 16385 | Lair:4   | Found a sparkling altar of Nemelex Xobeh.
 16395 | Lair:4   | HP: 21/84 [centaur/arrow (9)]
 16396 | Lair:4   | 16396 ||| READING 4 scrolls of teleportation.
 16397 | Lair:4   | HP: 4/84 [centaur/arrow (12)]
 16397 | Lair:4   | Shot with an arrow by a centaur

Levels and vault maps discovered:
D:1:      dpeg_arrival_tiny_i, layout_loops_cross,
          chequers_serial_rivers_micro_b, serial_bayou_pond_b
D:2:      layout_basic, uniq_robin, uniq_jessica, uniq_sigmund
D:3:      layout_basic, amcnicky_altar_gilded, nicolae_ecumenical_pavilion,
          biasface_ghost_orc_armoury, kennysheep_cluttered_room,
          minmay_starry_boxes, uniq_grinder, uniq_natasha
D:4:      layout_basic, old_standard_altar, minmay_misc_feat_encased
D:5:      layout_cave_pools
D:6:      layout_basic, nzn_wu_jian_council_hall, zin_angel,
          lemuel_coloured_pillars_altar
D:7:      layout_layer_cave, nicolae_hepliaklqana_monster_ancestors,
          nicolae_qazlal_eye_of_the_storm, minmay_temple_entry_wispy,
          kennysheep_generic_room_14
D:8:      layout_loops_corners, nicolae_vehumet_altar_sigil, elyvilon_altar_4,
          enter_bailey_3, nicolae_ossuary_entry_giza,
          nicolae_diode_intersection, uniq_joseph
D:9:      layout_basic, overflow_temple_1_default, dpeg_lair_monsters,
          uniq_amaemon
Lair:1:   layout_loops_ring, portal_ice_cave_entry_pillars_2
Lair:2:   layout_cave_shapes, minmay_shoals_entry_beasts,
          gammafunk_ghost_berserking_beasts
Lair:3:   layout_concentric_octagons, minmay_snake_entry_guardpost_small
Lair:4:   layout_regular_city, lemuel_centaur_altar, uniq_rupert

Skill      XL: |  1  2  3  4  5  6  7  8  9 10 11 12 |
---------------+-------------------------------------+-----
Axes           | 3 4 5 6 7 8 10 11 13 15 | 15.0
Fighting       | 4 5 6 7 9 10 11 | 11.3
Armour         | 3 4 5 6 8 9 11 | 11.0
Dodging        | 2 3 |  3.4

Action                   |  1- 3 |  4- 6 |  7- 9 | 10-12 | 13-15 || total
-------------------------+-------+-------+-------+-------+-------++-------
Melee: Hand axe          |    97 |   129 |     7 |       |       ||   233
       Unarmed           |       |     4 |       |       |       ||     4
       Punch             |       |     3 |     3 |     8 |       ||    14
       War axe           |       |       |   227 |   529 |       ||   756
       Demon whip        |       |       |       |    35 |     7 ||    42
Invok: Berserk           |     2 |     6 |     7 |    26 |     1 ||    42
       Trog's Hand       |       |       |       |     1 |       ||     1
  Use: Scroll            |     2 |     3 |    12 |    10 |     1 ||    28
       Potion            |     2 |       |     4 |     2 |       ||     8
 Stab: Petrifying        |       |       |       |     1 |       ||     1
Armor: Animal skin       |    39 |     6 |       |       |       ||    45
       Chain mail        |       |    51 |    49 |       |       ||   100
       Plate armour      |       |       |    52 |   308 |    35 ||   395
Dodge: Dodged            |    58 |    34 |    81 |   161 |    14 ||   348
Block: Other             |       |    17 |    48 |   103 |     8 ||   176
       Reflection        |       |     1 |     2 |     5 |     7 ||    15

Table legend:
 A = Non-vault XP
 B = Vault XP
 C = Vault XP percentage of total XP
 D = Non-vault monster count
 E = Vault monster count
 F = Vault count percentage of total count
                 A         B        C        D         E       F
            +---------+---------+-------+---------+---------+-------
      Total |   26206 |    7340 |  21.9 |     220 |      51 |  18.8
            +---------+---------+-------+---------+---------+-------
        D:1 |      32 |      16 |  33.3 |      18 |       9 |  33.3
        D:2 |      38 |     281 |  88.1 |       8 |       6 |  42.9
        D:3 |     190 |      73 |  27.8 |      25 |       8 |  24.2
        D:4 |      81 |       0 |   0.0 |       5 |       0 |   0.0
        D:5 |     353 |       0 |   0.0 |       8 |       0 |   0.0
        D:6 |     807 |       0 |   0.0 |      16 |       0 |   0.0
        D:7 |     978 |      40 |   3.9 |      16 |       3 |  15.8
        D:8 |    2918 |     494 |  14.5 |      39 |       8 |  17.0
        D:9 |    2743 |    3626 |  56.9 |      20 |      10 |  33.3
     Lair:1 |    3832 |       0 |   0.0 |      13 |       0 |   0.0
     Lair:2 |    5927 |     286 |   4.6 |      24 |       1 |   4.0
     Lair:3 |    6729 |     608 |   8.3 |      23 |       4 |  14.8
     Lair:4 |    1578 |    1916 |  54.8 |       5 |       2 |  28.6
            +---------+---------+-------+---------+---------+-------
